 Dungeon Crawl Stone Soup version 0.30.1-11-g7821555f0a (webtiles) character file.

Game seed: 7637373537920348773

511 lonewolfV2 the Nimble (level 6, 0/51 HPs)
             Began as a Minotaur Fighter on Nov 10, 2023.
             Slain by a wraith (10 damage)
             ... in an ossuary.
             The game lasted 00:05:27 (3586 turns).

lonewolfV2 the Nimble (Minotaur Fighter)            Turns: 3586, Time: 00:05:27

Health: 0/51       AC:  6    Str: 21    XL:     6   Next: 99%
Magic:  0/5        EV: 11    Int:  5    God:
Gold:   206        SH:  8    Dex: 11    Spells: 5/5 levels left

rFire   . . .        a - +1 war axe
rCold   . . .        e - +0 kite shield
rNeg    . . .        b - +0 scale mail
rPois   .            (helmet restricted)
rElec   .            (no cloak)
rCorr   .            (no gloves)
SInv    +            (no boots)
Will    .....        o - amulet of guardian spirit Stlth
                     n - ring of see invisible
HPRegen 0.28/turn    (no ring)
MPRegen 0.09/turn

%: guardian spirit
@: slowed, very slow
A: horns 2, retaliatory headbutt
a: no special abilities


You were in an ossuary.
You visited 1 branch of the dungeon, and saw 4 of its levels.
You also visited: Ossuary.

You collected 206 gold pieces.

Inventory:

Hand Weapons
 a - a +1 war axe (weapon)
Missiles
 i - a throwing net (quivered)
Armour
 b - a +0 scale mail (worn)
 e - a +0 kite shield (worn)
Jewellery
 n - a ring of see invisible (left hand)
 o - an amulet of guardian spirit (around neck)
Wands
 s - a wand of charming (3)
Scrolls
 l - a scroll of amnesia
 r - 3 scrolls of teleportation {unknown}
Potions
 c - 2 potions of invisibility {unknown}
 d - 2 potions of might
 f - 2 potions of resistance
 g - 4 potions of curing
 h - 4 potions of haste
 j - a potion of experience {unknown}
 k - a potion of lignification {unknown}
 m - 2 potions of heal wounds {unknown}
 p - a potion of flight {unknown}
 q - a potion of magic {unknown}
 t - a potion of berserk rage {unknown}
 u - a potion of degeneration {unknown}
 v - 2 potions of attraction {unknown}


   Skills:
 - Level 3.6 Fighting
 - Level 2.4 Axes
 - Level 3.6 Armour
 * Level 8.0 Dodging
 - Level 3.6 Shields


You had 5 spell levels left.
You didn't know any spells.
Your spell library contained the following spells:

 Spells                   Type           Power      Damage    Failure   Level
 Magic Dart               Conj           0%         1d3       98%         1
 Searing Ray              Conj           0%         2d4       99%         2
 Dazzling Flash           Conj/Hex       0%         N/A       100%        3
 Fulminant Prism          Conj/Hex       0%         3d5       100%        4
 Agony                    Necr           0%         N/A       100%        5
 Silence                  Hex/Air        0%         N/A       100%        5


Dungeon Overview and Level Annotations

Branches:
Dungeon (4/15)            Ossuary (1/1)
 Temple: D:4-7

Altars:
Kikubaaqudgha
Okawaru

Shops:
D:3 *(*[

Annotations:
D:3 2 transporters


Innate Abilities, Weirdness & Mutations

You have a pair of horns on your head.
You reflexively headbutt those who attack you in melee.


Message History

The wight is severely damaged.
You block the wight's attack.
You slash the wight!
You destroy the wight!
Your life force feels restored.
Your Dodging skill increases to level 8!
There is an open door here.
Things that are here:
a +3 dire flail of freezing; a +0 robe You start resting.
Magic restored.
HP restored.
You start waiting.
Done waiting.
You start waiting.
Done waiting.
The flying skull gives a hideous shriek!
You open the door.
A wraith comes into view.
You barely miss the wraith. You headbutt the wraith.
The wraith is lightly damaged.
The wraith hits you! The wraith drains your vigour!
You feel yourself slow down.
You barely miss the wraith.
The wraith is lightly damaged.
The wraith hits you! x2; The wraith drains your vigour!
You feel as though you will be slow longer.
You barely miss the wraith.
The wraith is lightly damaged.
The wraith hits you. The wraith drains your vigour!
You feel as though you will be slow longer.
The wraith hits you!
* * * LOW HITPOINT WARNING * * *
The wraith drains your vigour!
You feel as though you will be slow longer.
You barely miss the wraith.
The wraith is lightly damaged.
The wraith closely misses you. You block the wraith's attack.
The wraith hits you!
You die...

#.###.....###.#
#.#z#.?...#z#.#
#.###.....###.#
#.............#
#.............#
#.###.###.###.#
#.#.#.# #.#.#.#
#.W##.###.##).#
#.@...........#
#######'#######
#.# ###.###
#W▓.▓z# ###.###
#.# #'# #.#


You could see a wraith.

Vanquished Creatures
  A wraith (Ossuary)
  2 wights (Ossuary)
  A gnoll bouda (D:4)
  6 gnolls
  5 adders
  A worm (D:3)
  4 dart slugs
  An orc (D:3)
  9 endoplasms
  2 giant cockroaches
  9 goblins
  16 jackals
  6 quokkas
  6 ball pythons
  A ball python skeleton (Ossuary)
  11 bats
  4 frilled lizards
  2 hobgoblin zombies (Ossuary)
  A jackal zombie (D:4)
  9 kobolds
  3 kobold zombies (Ossuary)
  2 orc skeletons (Ossuary)
  2 orc zombies (Ossuary)
  6 rats
110 creatures vanquished.

Notes
Turn   | Place    | Note
-------+----------+-------------------------------------------
     0 | D:1      | lonewolfV2 the Minotaur Fighter began the quest for the
                  | Orb.
     0 | D:1      | Reached XP level 1. HP: 19/19 MP: 0/0
    21 | D:1      | Reached skill level 1 in Dodging
   119 | D:1      | Reached XP level 2. HP: 26/26 MP: 1/1
   124 | D:1      | Reached skill level 2 in Dodging
   286 | D:1      | Found a faded altar of an unknown god.
   395 | D:1      | Reached skill level 3 in Dodging
   395 | D:1      | Reached XP level 3. HP: 31/31 MP: 2/2
   796 | D:2      | Found an ancient bone altar of Kikubaaqudgha.
  1019 | D:2      | Reached skill level 4 in Dodging
  1019 | D:2      | Reached XP level 4. HP: 37/39 MP: 3/3
  1771 | D:3      | Found an iron altar of Okawaru.
  1900 | D:3      | Found a transporter.
  1919 | D:3      | Found Diuhuf's Antique Weapon Shop.
  1920 | D:3      | Found Ehevo's Assorted Antiques.
  1936 | D:3      | Reached skill level 5 in Dodging
  1998 | D:3      | Reached XP level 5. HP: 45/45 MP: 4/4
  2051 | D:3      | Found a transporter.
  2191 | D:3      | Found Haurgh's Assorted Antiques.
  2257 | D:3      | Found Cyerer's Antique Armour Boutique.
  2557 | D:4      | Reached skill level 6 in Dodging
  2708 | D:4      | Found a sand-covered staircase.
  2730 | Ossuary  | Entered an ossuary
  2850 | Ossuary  | Noticed a wraith
  2850 | Ossuary  | Noticed a flying skull
  2868 | Ossuary  | Noticed a flying skull
  2882 | Ossuary  | Noticed a flying skull
  2892 | Ossuary  | Noticed a flying skull
  2893 | Ossuary  | Noticed a wraith
  2906 | Ossuary  | Killed a wraith
  2907 | Ossuary  | Reached skill level 7 in Dodging
  2907 | Ossuary  | Reached XP level 6. HP: 18/51 MP: 3/5
  3250 | Ossuary  | Reached skill level 8 in Dodging
  3582 | Ossuary  | Noticed a wraith
  3586 | Ossuary  | Slain by a wraith

Illustrated notes

Levels and vault maps discovered:
D:1:      grunt_arrival_crossed_arrows, layout_rooms,
          shapermc_ecumenical_altar_ellora, chequers_garden
D:2:      kennysheep_six_static_rooms, layout_loops_ring, basic_altar,
          cheibrodos_gnoll_hut
D:3:      gammafunk_wand_slinger, layout_basic, mainiacjoe_overflow_brackets,
          serial_shops, shop, nicolae_shop_back_alley_shop, shop,
          nicolae_shop_hallway_plus, grunt_ministairs_4,
          minmay_misc_feat_diagonals, kennysheep_generic_room_13
D:4:      layout_loops_ring, enter_ossuary_3, nicolae_elemental_shop,
          uniq_sigmund
Ossuary:  ossuary_due_cavern

Skill      XL: |  1  2  3  4  5  6 |
---------------+-------------------+-----
Dodging        | 1 3 4 5 7 8 |  8.0
Fighting       | |  3.6
Axes           | |  2.4
Armour         | |  3.6
Shields        | |  3.6

Action                     |  1- 3 |  4- 6 || total
---------------------------+-------+-------++-------
  Melee: War axe           |   109 |   155 ||   264
         Headbutt          |    12 |    23 ||    35
    Use: Scroll            |     3 |     6 ||     9
 Armour: Scale mail        |    86 |    69 ||   155
  Dodge: Dodged            |    71 |    92 ||   163
  Block: Buckler           |    28 |    16 ||    44
         Kite shield       |       |    56 ||    56
